 Dungeon Crawl Stone Soup version 0.31.0-12-g77e489cdc1 (webtiles) character file.

Game seed: 15377879845598197585

353 wildpjah the Ruffian (level 6, 0/45 HPs)
             Began as a Djinni Shapeshifter on Feb 13, 2024.
             Slain by a lemure (8 damage)
             ... led by Pikel
             ... on level 3 of the Dungeon.
             The game lasted 00:09:22 (3394 turns).

wildpjah the Ruffian (Djinni Shapeshifter)          Turns: 3394, Time: 00:09:22

Health: 0/45       AC: 10    Str: 15    XL:     6   Next: 94%
Gold:   129        EV: 10    Int: 12    God:
                   SH:  6    Dex: 12

rFire   + +          +
                       - Unarmed
rCold   x . .        n - +2 buckler
rNeg    + . .        r - +1 ring mail {rF+}
rPois   ∞            (helmet currently unavailable)
rElec   .            (cloak currently unavailable)
rCorr   .            (gloves currently unavailable)
SInv    .            (boots unavailable)
Will    .....        (no amulet)
Stlth   +            q - ring of positive energy
HPRegen 0.27/turn    t - +4 ring of protection
MPRegen 0.00/turn

%: infuse magic (-1 HP)
@: beast-form, flying, very slightly contaminated
A: beast (slay +1), flying, sickness immunity, fire resistance 2, cold
vulnerability 1, float, innate caster, HP casting, extra vitality 1
a: Begin Untransformation


You were on level 3 of the Dungeon.
You were a hulking beast.
You visited 1 branch of the dungeon, and saw 4 of its levels.

You collected 129 gold pieces.

Inventory:

Missiles
 w - 2 throwing nets
Armour
 a - a +0 animal skin
 n - a +2 buckler (worn)
 r - a +1 ring mail of fire resistance (worn)
 v - a scarf of invisibility
Jewellery
 f - a ring of ice
 q - a ring of positive energy (left hand)
 t - a +4 ring of protection (right hand)
Talismans
 c - a beast talisman
 d - a flux talisman
 i - a storm talisman
Scrolls
 e - a scroll of fear {unknown}
 g - 5 scrolls of teleportation {unknown}
 h - a scroll of enchant armour {unknown}
 m - 2 scrolls of identify {unknown}
 p - 2 scrolls of revelation {unknown}
 s - 4 scrolls of silence {unknown}
 u - 2 scrolls of butterflies {unknown}
Potions
 b - a potion of lignification
 j - 2 potions of heal wounds {unknown}
 k - a potion of resistance {unknown}
 l - a potion of brilliance {unknown}
 o - 2 potions of curing {unknown}
 x - 2 potions of enlightenment {unknown}


   Skills:
 + Level 2.5 Fighting
 + Level 1.0 Armour
 + Level 2.6 Dodging
 + Level 0.8 Shields
 + Level 3.9 Unarmed Combat
 + Level 3.0 Spellcasting
 + Level 3.0 Conjurations
 + Level 3.0 Hexes
 + Level 3.0 Summonings
 + Level 3.0 Necromancy
 + Level 3.0 Translocations
 + Level 3.0 Fire Magic
 + Level 3.0 Ice Magic
 + Level 3.0 Air Magic
 + Level 3.0 Earth Magic
 + Level 3.0 Alchemy
 + Level 3.4 Shapeshifting


You knew the following spells:

 Your Spells              Type           Power      Damage    Failure   Level
a - Shock                 Conj/Air       36%        1d5       19%         1
b - Scorch                Fire           18%        2d5       28%         2
Your spell library was empty.

Dungeon Overview and Level Annotations

Branches:
Dungeon (4/15)
 Temple: D:4-7

Altars:

Annotations:
D:4 Pikel


Innate Abilities, Weirdness & Mutations

You are a hulking beast.
Your limbs bulge with bestial killing power. (Slay +1)
You are flying.
You are immune to sickness and miasma.
You are immune to poison.
Your flesh is very heat resistant. (rF++)
You are vulnerable to cold. (rC-)
You float through the air rather than walking.
You learn spells naturally, not from books.
Your magical power is your life essence.
You have superior vitality. (+4 MHP)


Message History

The iguana is severely wounded.
You block the lemure's attack.
Unknown command.
The zap hits the lemure.
The lemure is severely wounded.
The zap hits the lemure.
The lemure is severely wounded.
The zap hits the iguana but does no damage.
The iguana is severely wounded.
The lemure hits you.
You are too injured to fight recklessly!
Unknown command.
You are too injured to fight recklessly!
Unknown command.
You are too injured to fight recklessly!
Unknown command.
You are too injured to fight recklessly!
Unknown command.
You hit the lemure.
The lemure is severely wounded.
The lemure hits you but does no damage.
You barely miss the lemure.
The lemure is severely wounded.
The lemure hits you.
You closely miss the lemure.
The lemure is severely wounded.
The lemure hits you.
* * * LOW HITPOINT WARNING * * *
Unknown command.
You hit the lemure.
The lemure is almost dead.
The lemure completely misses you.
You hit the lemure.
The lemure is almost dead.
The lemure hits you.
* * * LOW HITPOINT WARNING * * *
You closely miss the lemure.
The lemure is almost dead.
The lemure hits you!
You die...

###...# #.#
######..########
#.....####.####### #..#
#.....
.............<...######..#
#.####
#......†##......[[[......#
#.#
###....####..###.>.......#
#.# ..###..# #..#
########.## #.####
†......# #..# #.####.....
.......#
#..##########..........
########
#..l55h..............#.
##.##########.####.###.
#.# #.# #....# #.# #.#
#.#### #.# #.# #.....
#.##########.# ######
#............#
##############


You could see 2 lemures and an iguana.

Vanquished Creatures
  A lemure (D:4)
  A scorpion (D:4)
  An orc priest (D:4)
  Natasha (thrice) (D:2)
  An iguana (D:4)
  4 gnolls (D:4)
  4 adders
  5 dart slugs
  A ribbon worm (D:3)
  6 orcs
  3 ball pythons
  5 bats
  5 endoplasms
  2 giant cockroaches
  6 hobgoblins
  4 jackals (D:1)
  7 kobolds
  4 quokkas
  5 frilled lizards
  7 goblins
  2 rats (D:1)
77 creatures vanquished.

Notes
Turn   | Place    | Note
-------+----------+-------------------------------------------
     0 | D:1      | wildpjah the Djinni Shapeshifter began the quest for the
                  | Orb.
     0 | D:1      | Reached XP level 1. HP: 17/17 MP: 0/0
   244 | D:1      | Reached XP level 2. HP: 22/22 MP: 0/0
   463 | D:1      | Reached XP level 3. HP: 27/27 MP: 0/0
   463 | D:1      | Learned a level 1 spell: Shock
   882 | D:2      | Noticed Natasha
   896 | D:2      | Killed Natasha
   897 | D:2      | Reached XP level 4. HP: 17/33 MP: 0/0
   991 | D:2      | Noticed Natasha
  1002 | D:2      | Killed Natasha
  1003 | D:2      | Reached skill level 1 in Spellcasting
  1003 | D:2      | Reached skill level 1 in Conjurations
  1003 | D:2      | Reached skill level 1 in Hexes
  1003 | D:2      | Reached skill level 1 in Summonings
  1003 | D:2      | Reached skill level 1 in Necromancy
  1003 | D:2      | Reached skill level 1 in Translocations
  1003 | D:2      | Reached skill level 1 in Fire Magic
  1003 | D:2      | Reached skill level 1 in Ice Magic
  1003 | D:2      | Reached skill level 1 in Air Magic
  1003 | D:2      | Reached skill level 1 in Earth Magic
  1003 | D:2      | Reached skill level 1 in Alchemy
  1303 | D:2      | Reached XP level 5. HP: 33/38 MP: 0/0
  1303 | D:2      | Learned a level 2 spell: Scorch
  1328 | D:2      | Noticed Natasha
  1339 | D:2      | Killed Natasha
  2152 | D:3      | Reached skill level 1 in Armour
  2371 | D:4      | Noticed a lemure
  2373 | D:4      | Noticed Pikel
  2375 | D:4      | Noticed a lemure
  2376 | D:4      | Noticed a lemure
  2379 | D:4      | Noticed a lemure
  2500 | D:4      | Reached XP level 6. HP: 27/45 MP: 0/0
  3394 | D:3      | Slain by a lemure

Illustrated notes

Levels and vault maps discovered:
D:1:      dpeg_chamrin_arrival_tetris, layout_basic, minmay_pentomino_t2
D:2:      layout_rooms, minmay_splitting_lines, uniq_natasha
D:3:      layout_loops_ring, minmay_unequal
D:4:      layout_loops_ring, uniq_pikel

Skill      XL: |  1  2  3  4  5  6 |
---------------+-------------------+-----
Shapeshifting  | 3 |  3.4
Spellcasting   | 1 2 3 |  3.0
Conjurations   | 1 2 3 |  3.0
Hexes          | 1 2 3 |  3.0
Summonings     | 1 2 3 |  3.0
Necromancy     | 1 2 3 |  3.0
Translocations | 1 2 3 |  3.0
Fire Magic     | 1 2 3 |  3.0
Ice Magic      | 1 2 3 |  3.0
Air Magic      | 1 2 3 |  3.0
Earth Magic    | 1 2 3 |  3.0
Alchemy        | 1 2 3 |  3.0
Fighting       | 2 |  2.5
Armour         | 1 |  1.0
Dodging        | |  2.6
Shields        | |  0.8
Unarmed Combat | |  3.9

Action                     |  1- 3 |  4- 6 || total
---------------------------+-------+-------++-------
  Melee: Unarmed           |    83 |   156 ||   239
         Punch             |     2 |       ||     2
   Cast: Shock             |    22 |    85 ||   107
 Armour: Animal skin       |    38 |     5 ||    43
         Ring mail         |       |    90 ||    90
  Dodge: Dodged            |    58 |    79 ||   137
  Block: Buckler           |     9 |    43 ||    52
